Map: 드림캐처 - 래더

Players

Zest

  • Race: Protoss Protoss
  • League: Master
  • Spawn Location: 5:00

LiquidTaeJa (TaeJa) - Winner!

  • Race: Terran Terran
  • League: Diamond
  • Spawn Location: 11:00

Event: HomeStory Cup XVIII

VOD

Have the link to the VOD?

Description

Time

  • Played on: Nov. 23, 2018, 10:28 a.m.
  • Length: 14:54

All games in this series

Show
View Real Time Build Order
Export as new Build Order

Zest Protoss 

Build Orders: 1 Gate Expand, Colossus Rush 

Get SALT Encoding   

  12  0:00  Probe  
  13  0:12  Probe  
  14  0:17  Pylon  
  14  0:23  Probe  
  15  0:32  Probe  
  15  0:36  Gateway  
  15  0:40  Probe  
  16  0:45  Assimilator  
  17  0:51  Probe  
  18  1:03  Probe  
  19  1:15  Probe  
  20  1:23  Nexus  
  20  1:33  Cybernetics Core  
  20  1:36  Probe  
  21  1:41  Assimilator  
  21  1:48  Probe  
  21  1:51  Pylon  
  22  2:00  Adept  
  22  2:01  Probe  
  23  2:10  Warp Gate  
  23  2:14  Probe  
  26  2:20  Stalker  
  26  2:26  Probe  
  29  2:37  Probe  
  29  2:39  Probe  
  30  2:46  Stalker  
  30  2:49  Probe  
  32  2:51  Probe  
  32  2:54  Robotics Facility  
  33  3:00  Probe x2  
  35  3:08  Probe x2  
  37  3:16  Probe  
  37  3:17  Sentry  
  37  3:18  Probe  
  39  3:22  Pylon  
  41  3:31  Probe x2  
  43  3:34  Observer  
  43  3:38  Gateway x2  
  43  3:43  Probe x2  
  46  3:49  Pylon  
  46  3:52  Observer  
  46  3:55  Probe x2  
  48  3:59  Assimilator  
  48  4:01  Assimilator  
  49  4:06  Observer  
  49  4:07  Probe x2  
  49  4:08  Robotics Bay  
  51  4:13  Pylon  
  52  4:19  Probe x2  
  54  4:24  Oracle  
  54  4:25  Stalker  
  56  4:31  Probe  
  56  4:32  Probe  
  56  4:36  Pylon  
  56  4:38  Colossus  
  58  4:44  Probe x2  
  60  4:56  Nexus  
  60  4:58  Pylon  
  66  5:03  Extended Thermal Lance  
  65  5:11  Probe x2  
  67  5:18  Colossus  
  67  5:23  Probe  
  67  5:24  Warp Prism, Probe  
  69  5:31  Twilight Council  
  75  5:35  Probe  
  75  5:36  Probe  
  75  5:41  Gateway x2  
  75  5:42  Gateway  
  77  5:45  Pylon  
  77  5:48  Probe x2  
  79  5:58  Pylon  
  79  6:00  Probe x2  
  81  6:07  Blink  
  81  6:11  Probe  
  81  6:12  Colossus, Probe x2  
  81  6:15  Forge  
  81  6:17  Forge  
  90  6:24  Protoss Ground Armor Level 1, Protoss Ground Weapons Level 1  
  90  6:36  Stalker x5  
  90  6:37  Pylon, Stalker  
  102  6:40  Assimilator  
  99  6:52  Probe x3  
  96  6:56  Assimilator  
  95  7:04  Probe  
  96  7:14  Probe x2  
  98  7:16  Probe  
  98  7:19  Immortal  
  103  7:24  Gateway  
  103  7:25  Gateway  
  103  7:26  Probe  
  103  7:27  Gateway  
  103  7:28  Gateway  
  104  7:33  Sentry x2  
  104  7:35  Stalker x4  
  116  7:39  Pylon  
  116  7:41  Photon Cannon  
  116  7:45  Pylon  
  116  7:46  Pylon  
  116  7:59  Nexus  
  116  8:02  Pylon  
  116  8:06  Immortal  
  116  8:09  Protoss Ground Weapons Level 2  
  116  8:10  Protoss Ground Armor Level 2  
  120  8:29  Charge  
  120  8:36  Zealot x2  
  120  8:37  Zealot x8  
  140  8:50  Pylon  
  140  8:51  Pylon, Immortal  
  144  9:07  Pylon  
  144  9:09  Pylon x2  
  144  9:24  Stalker  
  144  9:25  Stalker x8  
  161  9:43  Immortal  
  163  9:52  Zealot x5  
  165  9:53  Zealot x3  
  165  9:57  Protoss Ground Armor Level 3  
  175  10:08  Protoss Shields Level 1  
  175  10:17  Zealot x10  
  195  10:24  Immortal  
  136  10:58  Zealot x10  
  94  11:15  Probe x4  
  92  11:21  Stalker x7  
  102  11:31  Templar Archives  
  102  11:32  Protoss Ground Weapons Level 3  
  102  11:34  Sentry x3  
  108  11:41  Warp Prism  
  108  11:43  Assimilator  
  108  11:44  Assimilator  
  110  11:58  Stalker x4  
  110  11:59  Stalker x3  
  124  12:04  Protoss Shields Level 2  
  122  12:14  Observer  
  122  12:18  Pylon  
  123  12:23  High Templar x6  
  123  12:24  High Templar x4  
  123  12:27  Archon x4  
  123  12:28  Archon  
  143  12:56  Zealot  
  143  12:57  Zealot x9  
  163  13:03  Dark Shrine  
  159  13:14  Observer  
  159  13:18  Warp Prism  
  119  13:22  Observer  
  119  13:26  Zealot x10  
  101  13:47  High Templar x10  
  121  13:51  Archon x2  
  121  13:52  Archon x2  
  121  13:53  Archon  
  121  14:14  Zealot x2  
  129  14:19  Zealot x8  
  86  14:39  Stalker  
  86  14:40  Stalker x8  
  86  14:45  Zealot  
Show
View Real Time Build Order
Export as new Build Order

LiquidTaeJa Terran - Winner!

Build Orders:  

Get SALT Encoding   

  12  0:00  SCV  
  13  0:12  SCV  
  14  0:17  Supply Depot  
  14  0:24  SCV  
  15  0:38  SCV  
  15  0:41  Barracks  
  16  0:45  Refinery  
  16  0:50  SCV  
  16  0:55  Refinery  
  17  1:02  SCV  
  18  1:14  SCV  
  19  1:28  Orbital Command  
  19  1:29  Reaper  
  20  1:38  Supply Depot  
  20  1:48  Factory  
  20  1:53  SCV  
  21  2:01  Reaper, Supply Depot  
  22  2:06  SCV  
  23  2:18  SCV  
  24  2:30  SCV  
  24  2:32  Starport  
  24  2:33  Widow Mine  
  27  2:42  SCV  
  28  2:45  Supply Depot  
  27  2:54  Widow Mine, SCV  
  27  2:58  Barracks Reactor  
  30  3:10  Command Center  
  30  3:14  Medivac  
  30  3:17  SCV  
  33  3:29  SCV  
  34  3:35  Marine x2  
  36  3:44  Starport Tech Lab  
  36  3:46  Factory Tech Lab  
  36  3:49  SCV  
  36  3:52  Command Center  
  36  3:54  Marine  
  38  3:55  Marine  
  38  4:01  SCV  
  40  4:03  Raven  
  42  4:12  Siege Tank  
  42  4:14  SCV  
  47  4:21  Supply Depot  
  46  4:26  Orbital Command  
  46  4:29  SCV  
  47  4:34  Marine x2  
  49  4:41  SCV  
  49  4:44  Siege Tank  
  53  4:52  SCV  
  53  4:53  SCV  
  53  4:57  Marine x2  
  56  5:04  SCV x2  
  56  5:05  SCV  
  59  5:08  Supply Depot  
  59  5:15  Viking  
  59  5:16  SCV  
  59  5:18  SCV, Orbital Command  
  63  5:32  Barracks  
  63  5:33  Factory Reactor, SCV  
  63  5:34  Marine, Barracks, SCV  
  66  5:36  Stimpack  
  66  5:44  Engineering Bay, SCV  
  66  5:45  Engineering Bay  
  66  5:46  SCV x2  
  66  5:47  Starport Reactor  
  69  5:51  Supply Depot  
  69  5:52  Marine  
  69  5:56  SCV  
  71  5:58  SCV x2  
  71  6:03  Refinery  
  71  6:04  Refinery  
  72  6:09  SCV  
  72  6:10  Marine, SCV  
  75  6:11  Terran Infantry Weapons Level 1, Terran Infantry Armor Level 1  
  75  6:21  Factory Tech Lab, Combat Shield, SCV x2  
  75  6:22  Marine x2, Marauder  
  81  6:27  SCV  
  82  6:33  SCV  
  82  6:35  Marauder, Barracks  
  82  6:36  Barracks  
  82  6:39  SCV  
  84  6:44  Marauder  
  84  6:45  SCV  
  85  6:47  Marine x2  
  85  6:50  Orbital Command  
  85  6:53  SCV  
  83  6:56  Siege Tank, Medivac  
  83  6:57  Marauder, SCV  
  88  7:05  Marauder, SCV  
  88  7:07  Armory  
  87  7:09  SCV  
  87  7:10  Marine  
  87  7:11  Marine  
  90  7:15  SCV  
  90  7:18  Marauder, SCV  
  90  7:22  SCV  
  95  7:23  Medivac  
  95  7:26  Medivac  
  95  7:27  Supply Depot x2, Marauder  
  95  7:29  Supply Depot  
  101  7:32  Refinery x2  
  101  7:37  Barracks Tech Lab  
  101  7:48  Siege Tank, SCV  
  101  7:49  Marauder x2, Marine x4, SCV x2  
  115  7:52  Supply Depot x2  
  115  7:56  Concussive Shells  
  115  8:00  Supply Depot, SCV  
  115  8:01  Supply Depot, SCV x2  
  115  8:02  Marauder  
  120  8:06  Marine x2  
  120  8:10  Marine x2  
  120  8:12  Terran Infantry Weapons Level 2  
  124  8:13  Marauder  
  124  8:16  Terran Infantry Armor Level 2  
  124  8:19  Marauder  
  128  8:22  Missile Turret  
  128  8:23  Missile Turret  
  128  8:24  Marine  
  128  8:25  Marauder  
  131  8:29  Supply Depot, Terran Vehicle Weapons Level 1  
  131  8:30  Supply Depot  
  131  8:34  Siege Tank  
  134  8:35  Missile Turret  
  134  8:37  Marine x3, Marauder  
  134  8:40  Marauder  
  141  8:48  Factory  
  141  8:50  Marine  
  141  8:51  Marauder  
  141  8:55  Marine  
  145  8:57  Medivac  
  145  8:58  Medivac  
  145  9:00  Marine x2  
  145  9:02  Marauder, Command Center  
  152  9:06  Siege Tank  
  152  9:08  Marine, Marauder  
  158  9:12  Marauder  
  158  9:13  Supply Depot x2, Marine  
  158  9:14  Supply Depot  
  161  9:18  Marine x2  
  161  9:23  Marauder  
  165  9:26  Marine  
  165  9:30  Marauder, Marine  
  169  9:33  Marauder  
  169  9:38  Siege Tank  
  174  9:40  Marine x2  
  174  9:42  Factory Tech Lab  
  174  9:45  Marauder  
  176  9:51  Marauder  
  178  9:55  Marauder  
  178  9:58  Marine  
  175  10:01  Marine x3, Siege Tank  
  175  10:06  Marauder  
  182  10:10  Siege Tank  
  182  10:12  Marine  
  182  10:13  Medivac x2  
  190  10:14  Planetary Fortress  
  190  10:17  Marine x2, SCV x3  
  195  10:36  Marine  
  195  10:37  Marauder x2  
  195  10:38  Terran Infantry Weapons Level 3, Terran Infantry Armor Level 3  
  197  10:44  Marine x2, Marauder  
  174  10:57  Marine  
  151  10:58  Marine, Marauder x2  
  151  11:01  Marine  
  151  11:02  Marine  
  128  11:05  Marauder  
  114  11:14  Marine  
  114  11:16  Marine  
  110  11:19  Marine x2, Marauder x2  
  115  11:26  Terran Vehicle Weapons Level 2, Barracks  
  115  11:27  Marauder, Barracks x2  
  115  11:30  Siege Tank  
  115  11:32  Marine  
  120  11:33  Marine, Siege Tank  
  120  11:34  Command Center  
  120  11:37  Marine  
  126  11:41  Marauder x2, Marine  
  126  11:43  Sensor Tower  
  126  11:44  Medivac  
  133  11:48  Marauder  
  133  11:50  Marine  
  133  11:53  SCV x2  
  133  11:54  Marine  
  136  11:55  Marine  
  136  11:56  Medivac  
  136  11:59  Marine  
  140  12:02  Marauder x2, Siege Tank  
  140  12:08  Marine, Siege Tank  
  143  12:09  Marauder  
  143  12:11  Marine  
  143  12:13  Refinery x2  
  143  12:14  Marine  
  143  12:15  Barracks Tech Lab, Barracks Reactor  
  150  12:16  Barracks Tech Lab  
  150  12:22  Marine  
  151  12:23  Marauder  
  151  12:24  Marauder, SCV x2  
  151  12:25  SCV x2  
  151  12:26  Marine  
  151  12:28  Ghost Academy  
  151  12:29  Marine, Drilling Claws  
  161  12:31  Marauder  
  161  12:34  Siege Tank  
  161  12:36  Marauder x2  
  170  12:39  Marine  
  170  12:40  Marine  
  169  12:44  Siege Tank  
  169  12:45  Marauder x2  
  169  12:49  Liberator  
  176  12:51  Planetary Fortress  
  176  12:52  Marauder  
  176  12:53  Marine x2  
  176  12:58  Marauder x2  
  184  13:02  Marine  
  184  13:03  Marine x2  
  187  13:06  Marine x2, Marauder  
  187  13:07  Sensor Tower  
  192  13:15  Marine x2  
  192  13:16  Marauder  
  192  13:19  Marauder  
  180  13:22  Marine, Marauder  
  180  13:23  Marine x2  
  180  13:25  Marauder  
  165  13:28  Marauder  
  165  13:31  Marine  
  162  13:37  Marauder  
  162  13:39  Marine  
  162  13:40  Marauder  
  167  13:45  Marine  
  169  13:53  Marine x2  
  169  13:54  Widow Mine  
  173  13:55  Orbital Command  
  173  13:56  Widow Mine x2  
  173  14:02  Medivac x2  
  179  14:12  Marine x5, Marauder x2  
  188  14:18  Marine  
  188  14:19  Marauder  
  188  14:21  Widow Mine  
  188  14:22  Widow Mine x2  
  177  14:31  Marauder  
  177  14:32  Marauder  
  177  14:33  Marine x4  
Tags
 
Add a new tag
Caveats
  • Supply blocks, unpowered buildings, or Contaminate may cause inaccurate times.
  • Supply counts are checked every 10 seconds.